 Dungeon Crawl Stone Soup version 0.32-a0-42-ga30500b4d3 (webtiles) character file.

Game seed: 1963715487896542303

8656 Dittersdorf the Protected (level 11, -1/72 HPs)
             Began as a Gargoyle Fighter on Jan 29, 2024.
             Was an Initiate of Gozag.
             Slain by a two-headed ogre
             ... wielding a +0 giant spiked club
              (10 damage)
             ... on level 10 of the Dungeon.
             The game lasted 00:13:06 (8048 turns).

Dittersdorf the Protected (Gargoyle Fighter)        Turns: 8048, Time: 00:13:06

Health: -1/72      AC: 26    Str: 24    XL:     11   Next: 34%
Magic:  11/11      EV: 13    Int: 15    God:    Gozag
Gold:   1503       SH: 10    Dex:  9    Spells: 10/10 levels left

rFire   . . .        x - +4 morningstar
rCold   + . .        t - +0 kite shield
rNeg    + . .        h - +1 chain mail {rC+}
rPois   ∞            v - +0 helmet
rElec   +            m - +0 cloak
rCorr   .            e - +0 pair of gloves
SInv    .            k - +0 pair of boots {Fly}
Will    .....        c - amulet of regeneration Stlth
                     o - +5 ring of evasion
HPRegen 1.12/turn    s - +6 ring of intelligence
MPRegen 0.12/turn

%: no passive effects
@: about to teleport, marked, gold aura, flying
A: sickness immunity, AC +8, negative energy resistance 1, electricity
resistance, torment resistance 1, petrification resistance
a: Renounce Religion, Potion Petition, Call Merchant, Bribe Branch


You were on level 10 of the Dungeon.
You worshipped Gozag.
Gozag was most pleased with you.
You visited 1 branch of the dungeon, and saw 10 of its levels.
You also visited: Bailey.

You collected 2067 gold pieces.
You spent 459 gold pieces at shops.
You paid 105 gold pieces to Gozag.

Inventory:

Hand Weapons
 x - a +4 morningstar (weapon)
Missiles
 C - a throwing net
Armour
 e - a +0 pair of gloves (worn)
 h - a +1 chain mail of cold resistance (worn)
 k - a +0 pair of boots of flying (worn)
 m - a +0 cloak (worn)
 n - +0 fire dragon scales
 t - a +0 kite shield (worn)
 v - a +0 helmet (worn)
Jewellery
 c - an amulet of regeneration (around neck)
 f - a ring of flight
 j - a ring of fire
 o - a +5 ring of evasion (left hand)
 s - a +6 ring of intelligence (right hand)
Wands
 p - a wand of iceblast (1) (quivered)
 B - a wand of digging (4)
Scrolls
 g - 5 scrolls of teleportation
 l - 2 scrolls of fog
 r - a scroll of enchant weapon
 u - 4 scrolls of identify
 y - a scroll of brand weapon
 z - 2 scrolls of revelation
 A - 3 scrolls of enchant armour
Potions
 a - 2 potions of enlightenment
 b - 2 potions of resistance
 d - 2 potions of might
 i - 4 potions of curing
 q - a potion of mutation
 w - 2 potions of haste
Miscellaneous
 D - a phial of floods


   Skills:
 + Level 10.1 Fighting
 + Level 9.0 Maces & Flails
 + Level 10.1 Armour
 + Level 10.1 Shields


You had 10 spell levels left.
You didn't know any spells.
Your spell library contained the following spells:

 Spells                   Type           Power      Damage    Failure   Level
 Kiss of Death            Conj/Necr      0%         2d5       90%         1
 Confusing Touch          Hex            0%         N/A       99%         3
 Dazzling Flash           Conj/Hex       0%         N/A       99%         3
 Dispel Undead            Necr           0%         3d6       100%        4
 Martyr's Knell           Necr/Summ      0%         N/A       100%        4
 Summon Forest            Summ/Tloc      0%         N/A       100%        5
 Lehudib's Crystal Spear  Conj/Erth      0%         10d2      100%        8


Dungeon Overview and Level Annotations

Branches:
Dungeon (10/15)            Temple (0/1) D:7            Lair (0/5) D:10
 Bailey (visited)
    Orc: D:9-12

Altars:
Fedhas
Gozag
Okawaru
Uskayaw

Shops:
D:1 :   D:4 (   D:5 (   D:7 *?   D:8 **

Annotations:
D:10 Lodul


Innate Abilities, Weirdness & Mutations

You are immune to sickness and miasma.
Your stone body is resilient. (AC +8)
You are immune to poison.
You resist negative energy. (rN+)
You are resistant to electric shocks. (rElec)
You are resistant to unholy torment.
You are immune to petrification.


Message History

You kill the ogre!
The ogre is no longer distracted by gold.
Something hits you but does no damage.
Lodul shouts, "Intruder!"
The yak gores you!
The ogre is distracted by your dazzling golden aura.
You block the orc's attack. The ogre hits you but does no damage.
The ogre shouts!
You puncture Lodul!
Lodul is lightly wounded.
You block Lodul's attack. You block the yak's attack.
You block the two-headed ogre's attack.
The two-headed ogre hits you with a +0 giant club!
The orc barely misses you. The ogre hits you with a +0 giant club!
* * * LOW HITPOINT WARNING * * *
Something hits you.
* * * LOW HITPOINT WARNING * * *
The ogre barely misses you. The orc closely misses you. The yak gores you.
* * * LOW HITPOINT WARNING * * *
You are too injured to fight recklessly!
You are too injured to fight recklessly!
You are too injured to fight recklessly!
You are too injured to fight recklessly!
You are too injured to fight recklessly!
You are too injured to fight recklessly!
You are too injured to fight recklessly!
You are too injured to fight recklessly!
You are too injured to fight recklessly!
You are too injured to fight recklessly!
You are too injured to fight recklessly!
You are too injured to fight recklessly!
You are too injured to fight recklessly!
You are too injured to fight recklessly!
You are too injured to fight recklessly!
You are too injured to fight recklessly!
As you read the scroll of teleportation, it crumbles to dust.
You feel strangely unstable. The two-headed ogre barely misses you.
The two-headed ogre hits you with a +0 giant club!
You die...
Your body crumbles into a pile of gold.

#.............#
#.............####
#.....####'#......
#.....#....#.....# .
#.....#....#.....#
..#####.....#....#.....#
............#....#.....#
......OoO...#..>.#.....#
#..O{@YY..#'####.....#
#+#.OOOY.Y...........#
#####............
#+#..........
###........ #........
#.Y...... #........
+........


You could see Lodul, a two-headed ogre, 4 yaks, 4 ogres and an orc.

Vanquished Creatures
  A two-headed ogre (D:9)
  The ghost of ihaveworms the Chopper, a novice FoWn of Qazlal (D:7)
  Pikel (D:6)
  An orc knight (Bailey)
  Maggie (D:8)
  A komodo dragon (D:9)
  Grinder (D:5)
  2 wraiths
  Sigmund (D:2)
  3 yaks (D:8)
  4 vampire mosquitoes (D:7)
  2 steam dragons
  6 orc warriors
  2 ice beasts
  2 black bears
  4 ogres
  2 phantoms (D:6)
  5 centaurs
  2 kobold brigands
  Blork the orc (D:5)
  3 scorpions
  6 bullfrogs
  4 wights (D:7)
  5 killer bees (D:9)
  2 howler monkeys
  2 bombardier beetles (D:5)
  3 jellies
  A gnoll bouda (D:9)
  2 hounds (D:4)
  3 orc priests
  2 sleepcaps
  Ijyb (D:5)
  3 iguanas
  13 orc wizards
  9 adders
  11 gnolls
  2 shadow imps
  A white imp (D:6)
  3 dart slugs
  2 ribbon worms
  27 orcs
  7 ball pythons
  8 bats
  8 endoplasms
  5 giant cockroaches
  13 goblins
  8 hobgoblins
  6 jackals
  28 kobolds
  4 quokkas
  4 frilled lizards
  9 rats
248 creatures vanquished.

Vanquished Creatures (others)
  An orc (D:8)
1 creature vanquished.

Grand Total: 249 creatures vanquished

Notes
Turn   | Place    | Note
-------+----------+-------------------------------------------
     0 | D:1      | Dittersdorf the Gargoyle Fighter began the quest for the
                  | Orb.
     0 | D:1      | Reached XP level 1. HP: 14/14 MP: 1/1
   135 | D:1      | Reached XP level 2. HP: 18/19 MP: 2/2
   270 | D:1      | Found Alusuqung's Book Emporium.
   465 | D:1      | Reached XP level 3. HP: 23/23 MP: 3/3
   468 | D:1      | Found a faded altar of an unknown god.
  1023 | D:2      | Found a blossoming altar of Fedhas.
  1024 | D:2      | Noticed Sigmund
  1132 | D:2      | Identified the +1 sling of Koshrurio {antimagic, Dex+3}
  1186 | D:2      | Reached XP level 4. HP: 29/29 MP: 4/4
  1520 | D:2      | Killed Sigmund
  1521 | D:2      | Reached XP level 5. HP: 34/34 MP: 5/5
  1521 | D:2      | Reached XP level 6. HP: 39/39 MP: 6/6
  1678 | D:2      | Identified the amulet "Jifuniot" {Spirit Harm SInv}
  1883 | D:3      | Found a hide-covered altar of Uskayaw.
  3091 | D:4      | Reached skill level 5 in Fighting
  3091 | D:4      | Reached skill level 5 in Armour
  3091 | D:4      | Reached skill level 5 in Shields
  3091 | D:4      | Reached XP level 7. HP: 40/44 MP: 7/7
  3401 | D:4      | Found Kayc's Weapon Emporium.
  3401 | D:4      | You fall into a shaft and drop 2 floors!
  3705 | D:5      | Entered Level 5 of the Dungeon
  3740 | D:5      | Noticed Blork the orc
  3748 | D:5      | Killed Blork the orc
  3952 | D:4      | Reached XP level 8. HP: 51/51 MP: 8/8
  4093 | D:5      | Found Bifoc's Hydra Hut.
  4141 | D:5      | Noticed an eight-headed hydra
  4169 | D:5      | Noticed Ijyb
  4182 | D:5      | Killed Ijyb
  4277 | D:5      | Reached skill level 5 in Maces & Flails
  4444 | D:5      | Noticed Grinder
  4461 | D:5      | Paralysed by Grinder for 3 turns
  4462 | D:5      | Killed Grinder
  4743 | D:6      | Reached XP level 9. HP: 56/56 MP: 9/9
  4787 | D:6      | Noticed Pikel
  4801 | D:6      | Killed Pikel
  5056 | D:6      | Found an opulent altar of Gozag.
  5062 | D:6      | Became a worshipper of Gozag Ym Sagoz the Greedy
  5314 | D:7      | Found Heote's Neck Hole.
  5358 | D:7      | Found a flagged portal.
  5375 | Bailey   | Entered a bailey
  5448 | Bailey   | Noticed an orc knight
  5479 | Bailey   | Killed an orc knight
  5480 | Bailey   | Reached XP level 10. HP: 39/65 MP: 10/10
  6097 | D:7      | Found a large runed translucent door.
  6098 | D:7      | Found a large runed translucent door.
  6101 | D:7      | Noticed ihaveworms's ghost (novice FoWn)
  6162 | D:7      | Found a staircase to the Ecumenical Temple.
  6434 | D:7      | Found Gav Wob's Magic Scroll Shoppe.
  6437 | D:7      | Bought a scroll of brand weapon for 95 gold pieces
  6437 | D:7      | Bought a scroll of revelation for 75 gold pieces
  6437 | D:7      | Bought a scroll of enchant armour for 75 gold pieces
  6569 | D:7      | Killed ihaveworms's ghost
  6628 | D:8      | Noticed Maggie
  6641 | D:8      | Killed Maggie
  6698 | D:8      | Got the Atlas of Phantasms and Wounds
  6793 | D:8      | Found Ocuxzu's Assorted Antiques.
  6801 | D:8      | Bought a scroll of enchant armour for 165 gold pieces
  6802 | D:8      | Found Seicose's CLEARANCE SALE!.
  6810 | D:8      | Bought a +1 chain mail of cold resistance for 49 gold
                  | pieces
  6825 | D:8      | Found an iron altar of Okawaru.
  6846 | D:8      | Reached XP level 11. HP: 71/71 MP: 11/11
  7334 | D:9      | Noticed a two-headed ogre
  7342 | D:9      | Killed a two-headed ogre
  7454 | D:9      | Reached skill level 10 in Armour
  7528 | D:9      | Reached skill level 10 in Fighting
  7533 | D:9      | Reached skill level 10 in Shields
  7633 | D:9      | Identified a scroll of acquirement
  7634 | D:9      | Acquired 539 gold pieces
  7999 | D:10     | Entered Level 10 of the Dungeon
  8011 | D:10     | Found a staircase to the Lair.
  8037 | D:10     | Noticed Lodul
  8040 | D:10     | Noticed a two-headed ogre
  8048 | D:10     | Slain by a two-headed ogre

Illustrated notes

Levels and vault maps discovered:
D:1:      dpeg_arrival_long_road, layout_loops_corners, serial_shops,
          nicolae_shop_hallway_stairs, ebering_ecumenical_altar_petrified
D:2:      layout_basic, basic_altar, lightli_corner_chamber, uniq_sigmund
D:3:      layout_basic, nicolae_uskayaw_dance_hall, hangedman_decor_slide_cut,
          dk_noncrumbling_3
D:4:      layout_basic, serial_shops, nicolae_shop_scrapyard
D:5:      layout_loops_cross, doesnt_shop_hydraphobe, uniq_ijyb, uniq_grinder,
          uniq_blork_the_orc
D:6:      layout_basic, grunt_gozag_statues, uniq_pikel
D:7:      layout_basic, minmay_temple_entry_poolview,
          ebering_ghost_disaster_area, serial_shops, shop, enter_bailey_7,
          nicolae_shop_sticking_my_neck_out
D:8:      layout_rooms, okawaru_ov_weapons_minmay, serial_shops,
          nicolae_shop_waterfront, nicolae_shop_clearance, uniq_maggie
D:9:      layout_basic
D:10:     nicolae_cairo_tiling_very_big, layout_irregular_city, enter_trove_2,
          uniq_lodul

Skill      XL: |  1  2  3  4  5  6  7  8  9 10 11 |
---------------+----------------------------------+-----
Fighting       | 4 5 6 8 9 10 | 10.1
Shields        | 4 5 6 8 9 10 | 10.1
Armour         | 4 5 6 8 9 10 | 10.1
Maces & Flails | 3 4 5 7 8 9 |  9.0

Action                     |  1- 3 |  4- 6 |  7- 9 | 10-12 || total
---------------------------+-------+-------+-------+-------++-------
  Melee: Flail             |   122 |   145 |    21 |       ||   288
         Whip              |       |    29 |   320 |       ||   349
         Morningstar       |       |       |    54 |   327 ||   381
  Evoke: Wand              |       |       |     6 |     8 ||    14
    Use: Scroll            |       |     9 |     2 |     6 ||    17
         Potion            |       |       |       |     2 ||     2
   Stab: Distracted        |       |       |       |     1 ||     1
 Armour: Scale mail        |     5 |       |       |       ||     5
         Chain mail        |    98 |    80 |   225 |   124 ||   527
         Plate armour      |       |       |       |    71 ||    71
  Dodge: Dodged            |    46 |    89 |   186 |   152 ||   473
  Block: Buckler           |    21 |    40 |     8 |       ||    69
         Kite shield       |       |       |   192 |   205 ||   397

Table legend: (Time is in decaauts)
 A = Elapsed time spent in this place.
 B = Non-inter-level travel time spent in this place.
 C = Inter-level travel time spent in this place.
 D = Time resting spent in this place.
 E = Time spent auto-exploring this place.
 F = Levels seen in this place.
 G = Mean time per level.
                   A        B        C        D        E       F      G
               +--------+--------+--------+--------+--------+-----+--------+
         Total |   8178 |   7751 |    427 |    200 |   5160 |  11 |  743.5 |
       Dungeon |   7678 |   7251 |    427 |    195 |   4998 |  10 |  767.8 |
        Bailey |    499 |    499 |      0 |      5 |    162 |   1 |  499.0 |
               +--------+--------+--------+--------+--------+-----+--------+

Top non-repeatable levels by time:
     D:1: 1167 daAuts
     D:3: 1004 daAuts
     D:7: 974 daAuts
     D:9: 907 daAuts
     D:6: 810 daAuts
     D:5: 790 daAuts
     D:2: 744 daAuts
     D:4: 736 daAuts
  Bailey: 499 daAuts
     D:8: 490 daAuts
    D:10: 51 daAuts
